 Dungeon Crawl Stone Soup version bcrawl-1.19.1 (webtiles) character file.

Game seed: 12775434006432392443

70435 Bnni the Warrior (level 15, -1/155 HPs)
             Began as a Hill Orc Archaeologist on Oct 22, 2019.
             Was the Champion of Okawaru.
             Slain by an orc warrior
             ... wielding a +0 glaive
              (11 damage)
             ... in the Orcish Mines on Nov 22, 2019.
             The game lasted 01:22:50 (19157 turns).

Bnni the Warrior (Hill Orc Archaeologist)          Turns: 19157, Time: 01:22:51

Health: -1/155     AC: 21    Str: 24    XL:     15   Next: 33%
Magic:  29/30      EV: 12    Int: 11    God:    Okawaru [******]
Gold:   1654       SH:  6    Dex: 14    Spells: 14/14 levels left

rFire    + . .     SeeInvis +   u - +10 morningstar "Doamae" {elec, +Rage MP+9}
rCold    . . .     Gourm    +   l - +0 buckler
rNeg     . . .     Faith    .   p - +6 chain mail of Benevolence {-Cast Regen+ Slay+5 Stlth+}
rPois    .         Spirit   .   s - +0 helmet {SInv}
rElec    .         Reflect  .   (no cloak)
rCorr    +         Harm     .   t - +1 pair of gloves {Str+3}
MR       +....     NoCast   +   d - +1 pair of boots
Stlth    ++........             O - amulet of the gourmand
HPRegen  0.75/turn              V - ring "Xyogesch" {rCorr Int-3 Dex+5 Slay+5}
MPRegen  0.22/turn              F - ring of protection from fire

@: heroism
A: no striking features
a: Heroism, Finesse, Renounce Religion, Evoke Berserk Rage


You were in the Orcish Mines.
You worshipped Okawaru.
Okawaru was exalted by your worship.
You were completely stuffed.

You visited 4 branches of the dungeon, and saw 20 of its levels.
You also visited: Ice Cave.

You collected 2019 gold pieces.
You spent 365 gold pieces at shops.

Inventory:

Hand Weapons
 u - the +10 morningstar "Doamae" (weapon) {elec, +Rage MP+9}
   (Okawaru gifted it to you on level 10 of the Dungeon)

   Occasionally, upon striking a foe, it will discharge some electrical energy
   and cause terrible harm.
   It affects your magic capacity (+9).
   It lets you go berserk.
 W - a +4 blowgun
Missiles
 h - 140 javelins of penetration (quivered)
 i - 5 curare-tipped needles
 x - 169 javelins
Armour
 d - a +1 pair of boots (worn)
 l - a +0 buckler (worn)
 p - the +6 chain mail of Benevolence (worn) {-Cast Regen+ Slay+5 Stlth+}
   (You bought it in a shop on level 10 of the Dungeon)

   It affects your accuracy and damage with ranged weapons and melee attacks
   (+5).
   It prevents spellcasting.
   It increases your rate of regeneration.
   It makes you more stealthy.
 s - a +0 helmet of see invisible (worn)
 t - a +1 pair of gloves of strength (worn)
Jewellery
 k - the ring of Riecuwk {*Corrode rElec rC+ Str+7}
   (You found it in an ice cave)

   [ring of protection from cold]

   It affects your strength (+7).
   It protects you from cold.
   It insulates you from electricity.
   It may corrode you when you take damage.
 v - an uncursed ring of poison resistance
 F - a ring of protection from fire (right hand)
 O - an amulet of the gourmand (around neck)
 Q - an uncursed ring of ice
 V - the ring "Xyogesch" (left hand) {rCorr Int-3 Dex+5 Slay+5}
   (You found it on level 1 of the Lair of Beasts)

   [ring of resist corrosion]

   It affects your intelligence (-3).
   It affects your dexterity (+5).
   It affects your accuracy and damage with ranged weapons and melee attacks
   (+5).
   It provides partial protection from all sources of acid and corrosion.
Wands
 e - a wand of flame (28)
 r - a wand of iceblast (50)
 z - a wand of digging (7)
 C - a wand of enslavement (8)
 S - a wand of paralysis (9)
Scrolls
 m - 4 scrolls of teleportation
 q - 8 scrolls of remove curse
 E - 2 scrolls of fear
 J - 2 scrolls of fog
 R - 8 scrolls of identify
 X - 2 scrolls of blinking
Potions
 a - 4 potions of heal wounds
 f - a potion of cancellation
 n - 8 potions of haste
 o - a potion of resistance
 w - 2 potions of curing
 A - 2 potions of invisibility
 G - 2 potions of ambrosia
 I - a potion of berserk rage
 P - 2 potions of lignification
 U - a potion of flight
Miscellaneous
 c - a lightning rod (4/4)
Comestibles
 b - 2 chunks of flesh
 g - 36 rations {!d}


   Skills:
 * Level 20.2(25.2) Fighting
   Level 20.2(25.2) Short Blades
   Level 20.2(25.2) Long Blades
   Level 20.2(25.2) Axes
   Level 20.2(25.2) Maces & Flails
   Level 20.2(25.2) Polearms
   Level 20.2(25.2) Staves
 - Level 2.4(7.4) Dodging
 - Level 2.6(7.6) Stealth
 - Level 4.1(9.1) Shields
   Level 20.2(25.2) Unarmed Combat
 - Level 8.0 Invocations


You had 14 spell levels left.
You didn't know any spells.
Your spell library contained the following spells:

 Spells                   Type           Power        Failure   Level  Hunger
 Apportation              Tloc           #.....       94%         1    ##.....
 Infusion                 Chrm           #.......     94%         1    ##.....
 Sandblast                Erth           #.....       94%         1    ##.....
 Slow                     Hex            #.......     94%         1    ##.....
 Summon Butterflies       Summ           #.......     94%         1    ##.....
 Summon Small Mammal      Summ           #...         94%         1    ##.....
 Call Imp                 Summ           #.....       98%         2    ###....
 Poisonous Vapours        Pois/Air       #.....       98%         2    ###....
 Call Canine Familiar     Summ           #.......     100%        3    ####...
 Conjure Flame            Conj/Fire      #.......     100%        3    ####...
 Mephitic Cloud           Conj/Pois/Air  #.......     100%        3    ####...
 Summon Ice Beast         Ice/Summ       #.......     100%        4    #####..
 Summon Lightning Spire   Summ/Air       #.......     100%        5    ######.
 Freezing Cloud           Ice/Air        #.........   100%        6    #######
 Steam Barrier            Chrm/Fire      #.........   100%        6    #######


Dungeon Overview and Level Annotations

Branches:
Dungeon (12/12)            Temple (1/1) D:4            Lair (6/6) D:8
  Swamp (0/3) Lair:3        Snake (0/3) Lair:2        Slime (0/5) Lair:6
    Orc (1/1) D:8             Elf (0/3) Orc          Vaults (0/3) D:11
 Depths (0/5) D:12

Altars:
Ashenzari
Cheibriados
Dithmenos
Elyvilon
Fedhas
Gozag
Hepliaklqana
Kikubaaqudgha
Lugonu
Makhleb
Nemelex Xobeh
Okawaru
Qazlal
Ru
Sif Muna
Trog
Uskayaw
Vehumet
Wu Jian
Xom
Yredelemnul
Zin
The Shining One
Jiyva

Shops:
D:7 =   D:8 *   D:10 *   D:12 =


Message History

An orc warrior comes into view. It is wielding a +0 morningstar.
The centaur unwields a +0 shortbow.
The centaur hits you. You block the orc warrior's attack.
The orc warrior hits you from afar with a +0 halberd of protection!!
* * * LOW HITPOINT WARNING * * *
The orc warrior barely misses you.
Things that are here:
a +0 giant spiked club; a +0 giant club; a two-headed ogre corpse You barely miss the centaur.
The centaur hits you but does no damage.
The orc warrior unwields a +0 arbalest.
The orc warrior wields a +0 broad axe.
The orc warrior closely misses you.
The orc warrior hits you but does no damage.
Your chain mail of Benevolence prevents you from hitting the centaur.
The orc warrior shouts!
The centaur hits you but does no damage.
The orc warrior hits you with a +0 short sword of protection!
* * * LOW HITPOINT WARNING * * *
The orc warrior hits you from afar with a +0 glaive!
You die...

.....#### ...#..#.###
#...^....... ...#......#
#..#......≈≈ .###......##
#..#.....≈≈≈ .#####.....#
#........o.. ..##.#.....#
#.o.o......o ..###.....##
#..#ooo..≈≈≈ #.<......##
#.o#ooo...≈≈ ##.....###
###..@coo..... #.....##
##.#..#oo......
##...######.....##.......
#.....##.#.......##..##..
..###.......#.......... .
..# ##..................
.####..............#.....
...#....#................
...#....##...........


You could see an orc knight, 10 orc warriors, a centaur and 3 orcs.

Vanquished Creatures
  Kirke (D:12)
  A frost giant (IceCv)
  2 fire dragons (D:12)
  4 vault guards (D:11)
  4 hydras
  An anaconda (Lair:5)
  3 catoblepae
  Harold (Lair:3)
  A centaur warrior (D:12)
  A death knight (D:9)
  Erica (Lair:1)
  7 death yaks
  A two-headed ogre (Orc)
  A deep troll shaman (Lair:6)
  Sonja (Lair:3)
  Urug (Lair:4)
  2 lindwurms
  An orc knight (D:11)
  Pikel (D:5)
  A cyclops (D:11)
  2 deep elf magi
  3 manticores
  2 oklob plants (Lair:1)
  2 ugly things (D:11)
  6 black mambas
  An ice statue (IceCv)
  10 elephants
  2 rime drakes
  5 cane toads
  2 komodo dragons
  4 freezing wraiths
  A meliai (shapeshifter) (D:12)
  4 trolls
  18 polar bears
  3 blink frogs (Lair:5)
  A hornet (D:8)
  7 hippogriffs
  7 dream sheep (Lair:5)
  A meliai zombie (D:11)
  A centaur simulacrum (D:12)
  66 yaks
  2 wraiths
  A hog (D:12)
  2 wyverns
  3 basilisks
  2 vampire mosquitoes (D:12)
  3 wargs
  25 water moccasins
  9 orc warriors
  11 porcupines
  A black bear (D:9)
  A phantom (D:5)
  3 sky beasts
  5 ice beasts
  3 slaves
  8 ogres
  An eye of draining (D:8)
  6 centaurs
  19 wolves
  14 crocodiles
  2 big kobolds
  12 bullfrogs
  A wyvern zombie (D:8)
  3 scorpions
  7 killer bees
  5 wights (D:8)
  2 electric eels
  5 crimson imps
  2 centaur zombies
  6 howler monkeys
  2 bullfrog zombies
  3 jellies
  A quasit (D:5)
  12 orc priests
  4 centaur skeletons
  3 hounds
  A gnoll shaman (D:6)
  2 bullfrog skeletons
  13 orc wizards
  2 iguanas
  8 worker ants
  A hound skeleton (D:7)
  A hound zombie (D:5)
  2 worker ant zombies
  Robin (D:4)
  7 gnolls
  11 adders
  2 shadow imps
  12 white imps (Lair:3)
  An ooze (D:4)
  An adder zombie (D:4)
  3 worms
  2 dart slugs
  2 leopard geckos
  74 orcs
  6 giant cockroaches
  13 goblins
  10 hobgoblins
  2 jackals (D:5)
  10 kobolds
  2 ball pythons
  6 bats
  3 frilled lizards
  A jackal skeleton (D:4)
  4 rats (D:1)
  A plant (Lair:1)
577 creatures vanquished.

Vanquished Creatures (others)
  2 humans (D:12)
  A slave (D:5)
  2 fungi
  3 plants
8 creatures vanquished.

Grand Total: 585 creatures vanquished

Notes
Turn   | Place    | Note
-------+----------+-------------------------------------------
     0 | D:1      | Bnni the Hill Orc Archaeologist began the quest for the
                  | Orb.
     0 | D:1      | Reached XP level 1. HP: 15/15 MP: 1/1
    29 | D:1      | Reached skill level 1 in Fighting
    96 | D:1      | Reached XP level 2. HP: 23/23 MP: 2/2
   304 | D:1      | Reached skill level 2 in Fighting
   600 | D:1      | Reached XP level 3. HP: 29/29 MP: 3/3
   989 | D:2      | Reached skill level 3 in Fighting
  1119 | D:2      | Reached skill level 4 in Fighting
  1119 | D:2      | Reached XP level 4. HP: 9/40 MP: 0/4
  1123 | D:2      | HP: 3/60 [orc/+0 short sword (4)]
  1914 | D:3      | Reached skill level 5 in Fighting
  1914 | D:3      | Reached XP level 5. HP: 31/48 MP: 2/5
  2112 | D:3      | Found a corrupted altar of Lugonu.
  2126 | D:3      | Found a burning altar of Makhleb.
  2177 | D:3      | Reached skill level 6 in Fighting
  2285 | D:3      | Reached XP level 6. HP: 46/58 MP: 4/6
  2462 | D:3      | Found a faded altar of an unknown god.
  2524 | D:3      | Found a shadowy altar of Dithmenos.
  2692 | D:3      | Reached skill level 7 in Fighting
  2696 | D:3      | Reached skill level 1 in Shields
  2864 | D:3      | Reached XP level 7. HP: 47/66 MP: 5/7
  2933 | D:3      | Found a glowing silver altar of Zin.
  3450 | D:4      | Found a staircase to the Ecumenical Temple.
  3461 | Temple   | Entered the Ecumenical Temple
  3685 | D:4      | Found an iron altar of Okawaru.
  3694 | D:4      | Became a worshipper of Warmaster Okawaru
  3856 | D:4      | Noticed Robin
  3872 | D:4      | Killed Robin
  4012 | D:5      | Entered Level 5 of the Dungeon
  4034 | D:5      | Reached XP level 8. HP: 74/74 MP: 8/8
  4036 | D:5      | Reached skill level 8 in Fighting
  4209 | D:5      | Noticed Pikel
  4216 | D:5      | Killed Pikel
  4216 | D:5      | Reached * piety under Okawaru
  4216 | D:5      | Reached skill level 9 in Fighting
  4233 | D:5      | Reached XP level 9. HP: 78/85 MP: 7/9
  4328 | D:5      | Reached ** piety under Okawaru
  4473 | D:5      | Reached skill level 10 in Fighting
  4570 | D:5      | Found an ornate altar of the Wu Jian Council.
  4571 | D:5      | Found a hazy altar of Hepliaklqana.
  4868 | D:6      | Reached skill level 1 in Invocations
  4896 | D:6      | Found a snail-covered altar of Cheibriados.
  5212 | D:6      | Found a radiant altar of Vehumet.
  5346 | D:6      | Found an ancient bone altar of Kikubaaqudgha.
  5559 | D:6      | Found the +2 cloak of the Thief {+Fog Slay-2 SInv Stlth+}
  5666 | D:7      | Reached *** piety under Okawaru
  5933 | D:7      | Reached skill level 5 in Invocations
  5991 | D:7      | Reached skill level 11 in Fighting
  6151 | D:7      | Found Qiannahu's Jewellery Boutique.
  6191 | D:7      | Found a sparkling altar of Nemelex Xobeh.
  6372 | D:8      | Noticed a troll
  6379 | D:8      | Killed a troll
  6379 | D:8      | Reached XP level 10. HP: 76/96 MP: 11/14
  6714 | D:8      | Reached **** piety under Okawaru
  6944 | D:8      | Found a white marble altar of Elyvilon.
  7002 | D:8      | Noticed an elephant
  7003 | D:8      | Found a staircase to the Lair.
  7013 | D:8      | Killed an elephant
  7098 | D:8      | Reached ***** piety under Okawaru
  7098 | D:8      | Reached skill level 12 in Fighting
  7103 | D:8      | Found a staircase to the Orcish Mines.
  7248 | D:8      | Received a gift from Okawaru
  7356 | D:8      | Found Foschiri's General Store.
  7364 | D:8      | Bought a scroll of magic mapping for 42 gold pieces
  7430 | D:8      | Found a bloodstained altar of Trog.
  8252 | D:9      | Found a glowing golden altar of the Shining One.
  8316 | D:9      | Noticed a manticore
  8325 | D:9      | Killed a manticore
  8325 | D:9      | Reached XP level 11. HP: 79/106 MP: 13/17
  8471 | D:10     | Entered Level 10 of the Dungeon
  8482 | D:10     | Reached skill level 13 in Fighting
  8495 | D:10     | Noticed a death knight
  8523 | D:9      | Killed a death knight
  9111 | D:10     | Noticed a manticore
  9121 | D:9      | HP: 1/107 [freezing wraith[a death knight] (14)]
  9424 | D:9      | Killed a manticore
  9473 | D:10     | Noticed a five-headed hydra
  9479 | D:10     | HP: 1/108 [seven-headed hydra (7)]
  9482 | D:10     | Noticed a deep elf mage
  9872 | D:10     | Killed a ten-headed hydra
  9872 | D:10     | Reached skill level 14 in Fighting
  9888 | D:10     | Killed a deep elf mage
  9888 | D:10     | Received a gift from Okawaru
  9902 | D:10     | Got a translucent morningstar {god gift}
  9925 | D:9      | Identified the +10 morningstar "Doamae" {elec, +Rage MP+9}
                  | (Okawaru gifted it to you on level 10 of the Dungeon)
 10321 | D:10     | Found Ozeowkid's Assorted Antiques.
 10329 | D:10     | Bought a spiked chain mail for 323 gold pieces
 10340 | D:10     | Identified the +6 chain mail of Benevolence {-Cast Regen+
                  | Slay+5 Stlth+} (You bought it in a shop on level 10 of the
                  | Dungeon)
 10640 | D:11     | Noticed an orc knight
 10652 | D:11     | Killed an orc knight
 10749 | D:11     | Got a slimy long sword
 10750 | D:11     | Identified the cursed +0 long sword of Exquisite Torment
                  | {slice, Int+3} (You found it on level 11 of the Dungeon)
 10904 | D:11     | Got a faintly humming leather armour
 10943 | D:11     | Reached XP level 12. HP: 111/118 MP: 18/18
 11105 | D:11     | Reached skill level 15 in Fighting
 11147 | D:11     | Found a gate to the Vaults.
 11147 | D:11     | Noticed a vault guard
 11147 | D:11     | Noticed a vault guard
 11147 | D:11     | Noticed a vault guard
 11147 | D:11     | Noticed a vault guard
 11187 | D:11     | Killed a vault guard
 11202 | D:11     | Killed a vault guard
 11210 | D:11     | Killed a vault guard
 11216 | D:11     | Killed a vault guard
 11216 | D:11     | Received a gift from Okawaru
 11859 | D:12     | Entered Level 12 of the Dungeon
 11927 | D:12     | Reached skill level 16 in Fighting
 11943 | D:12     | Found Botocuumn's Jewellery Emporium.
 11944 | D:12     | Noticed a centaur warrior
 11949 | D:12     | Killed a centaur warrior
 11953 | D:12     | Found a radiant altar of Vehumet.
 12090 | D:12     | Noticed Kirke
 12096 | D:12     | Noticed a sphinx
 12099 | D:12     | Noticed a four-headed hydra
 12311 | D:12     | Killed Kirke
 12311 | D:12     | Reached XP level 13. HP: 130/130 MP: 19/19
 12437 | D:12     | Noticed a fire dragon
 12438 | D:12     | Noticed a fire dragon
 12444 | D:12     | Killed a fire dragon
 12444 | D:12     | Reached ****** piety under Okawaru
 12454 | D:12     | Killed a fire dragon
 12487 | D:12     | Found a staircase to the Depths.
 12585 | Lair:1   | Entered Level 1 of the Lair of Beasts
 12586 | Lair:1   | Upgraded the game from bcrawl-1.17.3 to
                  | bcrawl-1.17.3-48-g87278707ce
 12816 | Lair:1   | Reached skill level 17 in Fighting
 13086 | Lair:1   | Got a scorched jade ring
 13092 | Lair:1   | Identified the ring "Xyogesch" {rCorr Int-3 Dex+5 Slay+5}
                  | (You found it on level 1 of the Lair of Beasts)
 13107 | Lair:1   | Received a gift from Okawaru
 13264 | Lair:1   | Noticed Erica
 13270 | Lair:1   | Killed Erica
 13732 | Lair:2   | Found a staircase to the Snake Pit.
 14655 | Lair:3   | Found a staircase to the Swamp.
 14724 | Lair:3   | Found a frozen archway.
 14753 | IceCv    | Entered an ice cave
 14777 | IceCv    | Received a gift from Okawaru
 14937 | IceCv    | Reached skill level 18 in Fighting
 14995 | IceCv    | Reached XP level 14. HP: 141/143 MP: 20/20
 15016 | IceCv    | Identified the +4 leather armour "Narijeel" {MR+ Str+4
                  | Slay+3} (You found it on level 11 of the Dungeon)
 15139 | IceCv    | Noticed a frost giant
 15156 | IceCv    | Killed a frost giant
 15253 | IceCv    | Got a clouded lead ring
 15255 | IceCv    | Identified the ring of Riecuwk {*Corrode rElec rC+ Str+7}
                  | (You found it in an ice cave)
 15281 | Lair:3   | Found the +7 Singing Sword {slice, sonic wave}
 15470 | Lair:3   | Noticed Harold
 15485 | Lair:3   | Killed Harold
 15638 | Lair:3   | Noticed Sonja
 15673 | Lair:3   | Killed Sonja
 15788 | Lair:3   | Got a bone dagger
 15789 | Lair:3   | Identified the +12 dagger of Arbitration {pierce, Dex+4}
                  | (You found it on level 3 of the Lair of Beasts)
 16356 | Lair:4   | Noticed Urug
 16363 | Lair:4   | Killed Urug
 16494 | Lair:4   | Reached skill level 19 in Fighting
 16950 | Lair:5   | Received a gift from Okawaru
 17741 | Lair:6   | Entered Level 6 of the Lair of Beasts
 17786 | Lair:6   | Found a staircase to the Slime Pits.
 17787 | Lair:6   | Found a viscous altar of Jiyva.
 17791 | Lair:6   | Received a gift from Okawaru
 17859 | Lair:6   | Reached XP level 15. HP: 146/155 MP: 21/21
 18065 | Lair:6   | Reached skill level 20 in Fighting
 18811 | D:8      | Upgraded the game from bcrawl-1.17.3-48-g87278707ce to
                  | bcrawl-1.19.1
 18828 | Orc      | Entered the Orcish Mines
 18978 | Orc      | Found a staircase to the Elven Halls.
 19157 | Orc      | Slain by an orc warrior

Skill      XL: |  1  2  3  4  5  6  7  8  9 10 11 12 13 14 15 |
---------------+----------------------------------------------+-----
Fighting       | 1 2 4 5 6 7 9 11 12 14 16 18 19 20 | 20.2
Shields        | 2 4 |  4.1
Invocations    | 5 8 |  8.0
Short Blades   | | 20.2
Long Blades    | | 20.2
Axes           | | 20.2
Maces & Flails | | 20.2
Polearms       | | 20.2
Staves         | | 20.2
Dodging        | |  2.4
Stealth        | |  2.6
Unarmed Combat | | 20.2

Action                   |  1- 3 |  4- 6 |  7- 9 | 10-12 | 13-15 || total
-------------------------+-------+-------+-------+-------+-------++-------
Melee: Whip              |   183 |     5 |       |       |       ||   188
       Punch             |     1 |     2 |       |       |       ||     3
       Flail             |       |    64 |       |       |       ||    64
       Double sword      |       |    39 |   277 |   246 |       ||   562
       Morningstar       |       |       |       |   155 |   603 ||   758
       Unarmed           |       |       |       |    20 |       ||    20
Throw: Javelin           |       |       |       |     2 |     5 ||     7
Invok: Heroism           |       |       |       |     9 |     3 ||    12
       Finesse           |       |       |       |     1 |       ||     1
  Use: Scroll            |     4 |       |    10 |     8 |     7 ||    29
       Potion            |       |     5 |       |     7 |     1 ||    13
 Stab: Sleeping          |     4 |       |       |       |       ||     4
  Eat: Chunk             |     1 |     5 |    12 |    14 |    33 ||    65
       Ration            |       |       |       |     2 |       ||     2
Armor: Robe              |    61 |       |       |       |       ||    61
       Ring mail         |    46 |    31 |       |       |       ||    77
       Scale mail        |       |    15 |    80 |       |       ||    95
       Chain mail        |       |       |    89 |   134 |   298 ||   521
       Plate armour      |       |       |     5 |    65 |       ||    70
       Skin              |       |       |       |    19 |       ||    19
Dodge: Dodged            |   169 |    59 |   134 |   146 |   180 ||   688
Block: Buckler           |       |     5 |    99 |   128 |   104 ||   336
